 Dungeon Crawl Stone Soup version 0.31.0-4-g52a2dc7128 (webtiles) character file.

Game seed: 1209867602059546601

75240 MacCMillion the Brawler (level 15, -1/156 HPs)
             Began as a Troll Shapeshifter on Jan 22, 2024.
             Was the Champion of Okawaru.
             Slain by a freezing wraith (6 damage)
             ... led by a death knight
             ... on level 13 of the Dungeon.
             The game lasted 00:55:04 (25366 turns).

MacCMillion the Brawler (Troll Shapeshifter)       Turns: 25366, Time: 00:55:04

Health: -1/156     AC: 11    Str: 32    XL:     15   Next: 9%
Magic:  20/20      EV:  9    Int:  6    God:    Okawaru [******]
Gold:   2602       SH:  0    Dex:  9    Spells: 14/14 levels left

rFire   + .          .
                       - Unarmed
rCold   . . .        (shield currently unavailable)
rNeg    + . .        g - +0 swamp dragon scales
rPois   +            d - +0 mask of the Dragon {Will+ Slay+3 SInv}
rElec   .            M - +0 cloak of Wenef Taho {rF+ rN+ Will+ rCorr}
rCorr   +            (gloves unavailable)
SInv    +            (boots unavailable)
Will    +++..        S - amulet of the Unkillable {Regen+ Slay+2} Stlth
                     i - ring of Wiruw {AC+4 Slay+2}
HPRegen 2.06/turn    h - +4 ring of slaying
MPRegen 0.17/turn

%: no passive effects
@: blade hands, slowed, very slow
A: large, unfitting armour, (claws 3), regeneration 1, shaggy fur 1, tough skin
1
a: Begin Untransformation, Renounce Religion, Heroism, Finesse, Duel


You were on level 13 of the Dungeon.
You worshipped Okawaru.
Okawaru was exalted by your worship.
You had blades for hands.
You visited 4 branches of the dungeon, and saw 22 of its levels.
You also visited: Sewer.

You collected 4254 gold pieces.
You spent 1652 gold pieces at shops.

Inventory:

Missiles
 w - 70 poisoned darts
 H - 2 silver javelins
 P - 14 boomerangs
 Q - 14 curare-tipped darts
 V - 26 large rocks (quivered)
 W - 8 javelins
Armour
 d - the +0 mask of the Dragon (worn) {Will+ Slay+3 SInv}
   (You acquired it on level 9 of the Dungeon)

   Slay+3:    It affects your accuracy & damage with ranged weapons and melee
   (+3).
   Will+:     It increases your willpower.
   SInv:      It lets you see invisible.
 g - +0 swamp dragon scales (worn)
 M - the +0 cloak of Wenef Taho (worn) {rF+ rN+ Will+ rCorr}
   (Okawaru gifted it to you on level 3 of the Lair of Beasts)

   rF+:       It protects you from fire.
   rN+:       It protects you from negative energy.
   Will+:     It increases your willpower.
   rCorr:     It protects you from acid and corrosion.
Jewellery
 h - a +4 ring of slaying (right blade hand)
 i - the ring of Wiruw (left blade hand) {AC+4 Slay+2}
   (You found it on level 5 of the Lair of Beasts)

   [ring of protection]

   AC+4:      It affects your AC (+4).
   Slay+2:    It affects your accuracy & damage with ranged weapons and melee
   (+2).
 o - a ring of poison resistance
 I - a +5 ring of evasion
 K - a ring of protection from fire
 R - a ring of willpower
 S - the amulet of the Unkillable (around neck) {Regen+ Slay+2}
   (You acquired it on level 9 of the Dungeon)

   [amulet of regeneration]

   Slay+2:    It affects your accuracy & damage with ranged weapons and melee
   (+2).
   Regen+:    It increases your rate of health regeneration.
 Y - a ring of ice
Talismans
 a - a maw talisman
 c - a blade talisman (active)
Wands
 s - a wand of flame (46)
 C - a wand of roots (15)
 N - a wand of polymorph (6)
 O - a wand of acid (7)
Scrolls
 j - 4 scrolls of poison
 k - 4 scrolls of blinking
 l - 8 scrolls of teleportation
 n - a scroll of brand weapon
 q - 6 scrolls of fog
 t - 3 scrolls of fear
 x - 2 scrolls of revelation
 y - 3 scrolls of enchant weapon
 A - 6 scrolls of amnesia
 B - 3 scrolls of noise
 G - 2 scrolls of vulnerability
 J - 4 scrolls of enchant armour
 X - 2 scrolls of immolation
 Z - 3 scrolls of torment
Potions
 b - 4 potions of lignification
 e - 6 potions of resistance
 f - 3 potions of enlightenment
 m - 8 potions of heal wounds
 p - 4 potions of magic
 r - a potion of invisibility
 u - 6 potions of degeneration
 v - 4 potions of attraction
 z - 5 potions of might
 D - a potion of berserk rage
 F - 4 potions of mutation
 L - a potion of curing
 T - 2 potions of cancellation
 U - a potion of ambrosia {unknown}
Miscellaneous
 E - a phial of floods


   Skills:
 - Level 12.0 Fighting
 + Level 2.0 Armour
 - Level 1.5 Dodging
 - Level 15.6 Unarmed Combat
 - Level 8.0 Invocations
 + Level 14.3 Shapeshifting


You had 14 spell levels left.
You didn't know any spells.
Your spell library contained the following spells:

 Spells                   Type           Power      Damage    Failure   Level
 Foxfire                  Conj/Fire      0%         2x1d4     56%         1
 Freeze                   Ice            0%         1d3       56%         1
 Sandblast                Erth           0%         2d4       56%         1
 Static Discharge         Conj/Air       0%         3-3/arc   71%         2
 Frozen Ramparts          Ice            0%         1d1       91%         3
 Fugue of the Fallen      Necr           0%         N/A       91%         3
 Gell's Gravitas          Tloc           0%         N/A       91%         3
 Hailstorm                Conj/Ice       0%         3d5       91%         3
 Mephitic Cloud           Conj/Alch/Air  0%         N/A       91%         3
 Ozocubu's Armour         Ice            0%         N/A       91%         3
 Passwall                 Erth           0%         N/A       91%         3
 Stone Arrow              Conj/Erth      0%         3d7       91%         3
 Teleport Other           Tloc           0%         N/A       91%         3
 Airstrike                Air            0%         2d(0-16)  100%        4
 Brom's Barrelling Bould  Conj/Erth      0%         2d3       100%        4
 Manifold Assault         Tloc           0%         N/A       100%        4
 Passage of Golubria      Tloc           0%         N/A       100%        4
 Freezing Cloud           Conj/Ice/Air   0%         6-21      100%        5
 Yara's Violent Unravell  Hex/Alch       0%         3d3       100%        5
 Dispersal                Tloc           0%         N/A       100%        6
 Plasma Beam              Fire/Air       0%         2x1d10    100%        6
 Starburst                Conj/Fire      0%         6d3       100%        6
 Summon Small Mammal      Summ           Unusable   N/A       N/A         1
 Call Canine Familiar     Summ           Unusable   N/A       N/A         3
 Tukima's Dance           Hex            Unusable   N/A       N/A         3
 Summon Blazeheart Golem  Fire/Summ      Unusable   N/A       N/A         4

Dungeon Overview and Level Annotations

Branches:
Dungeon (14/15) Temple (1/1) D:4 Lair (5/5) D:10 Swamp (0/4) Lair:3 Snake (0/4) Lair:2 Slime (0/5) Lair:5 Orc (2/2) D:9 Elf (0/3) Orc:2 Vaults (0/5) D:13 D:14 Sewer (visited)

Altars:
Ashenzari
Cheibriados
Dithmenos
Elyvilon
Fedhas
Gozag
Hepliaklqana
Kikubaaqudgha
Makhleb
Nemelex Xobeh
Okawaru
Qazlal
Ru
Sif Muna
Trog
Uskayaw
Vehumet
Wu Jian
Xom
Yredelemnul
Zin
The Shining One
Jiyva

Shops:
D:1 [?[(?   D:4 *   D:9 ==[??   Orc:1 !   Orc:2 [*(:

Portals:
Hell: Lair:5

Annotations:
D:4 1 runed translucent door, mykhailok's ghost, novice TrSh
D:8 1 runed translucent door, elbjorno's ghost, novice SpAl
D:13 4 transporters
D:14 Lodul


Innate Abilities, Weirdness & Mutations

You have blades for hands.
You are incapable of wielding weapons or throwing items.
You are too large for most types of armour.
((You have claws for hands.))
Your natural rate of healing is unusually fast.
You are covered in fur. (AC +1)
You have tough skin. (AC +1)


Message History

The freezing wraith drains your vigour!
You feel as though you will be slow longer.
The freezing wraith hits you but does no damage. x3
The freezing wraith hits you.
* * * LOW HITPOINT WARNING * * *
The freezing wraith drains your vigour!
You feel as though you will be slow longer.
You slice the freezing wraith!!
The freezing wraith is heavily damaged.
The freezing wraith hits you!
* * * LOW HITPOINT WARNING * * *
The freezing wraith freezes you!
* * * LOW HITPOINT WARNING * * *
The freezing wraith hits you but does no damage.
The freezing wraith hits you.
* * * LOW HITPOINT WARNING * * *
The freezing wraith freezes you!
* * * LOW HITPOINT WARNING * * *
The freezing wraith hits you but does no damage.
Blink to where?
Press: ? - help, Dir - move target
As you read the scroll of blinking, it crumbles to dust.
There is an open door here.
There is an open door here.
The freezing wraith attacks as it pursues you!
The freezing wraith hits you. The freezing wraith freezes you!!
* * * LOW HITPOINT WARNING * * *
The freezing wraith hits you.
* * * LOW HITPOINT WARNING * * *
The freezing wraith drains your vigour!
You feel as though you will be slow longer.
The freezing wraith barely misses you. The freezing wraith hits you!
* * * LOW HITPOINT WARNING * * *
The freezing wraith attacks as it pursues you!
The freezing wraith hits you!
* * * LOW HITPOINT WARNING * * *
The freezing wraith freezes you!
* * * LOW HITPOINT WARNING * * *
The freezing wraith hits you.
You die...

...'........#............#....pD.
...#####....#####........##..pp..
.......#....^...#.[.......#......
.......#........#.>.......#......
.......#........#.........#......
.......#........#.........#......
.......#..#####.#.........#....##
.......#.^# #.####'######....#.
#####..#..# #<@W.............#.
....#..#..# #..W.............#.
....#†.#..# #................'.
....#..#..#####................#'
....#'##.........................
.................................
...).....#######...............<.
.######### #.#######......... .#
#.# ##########


You could see 2 freezing wraiths.

Vanquished Creatures
  Saint Roka (Orc:1)
  Rupert (Lair:4)
  Gastronok (Lair:3)
  The ghost of PigKeeper the Covert, a journeyman SpAl of Makhleb (D:13)
  A dire elephant (Lair:5)
  Josephine (D:13)
  4 hydras
  2 centaur warriors (D:13)
  A catoblepas (Lair:4)
  3 two-headed ogres
  5 death yaks
  2 orc high priests (Orc:2)
  2 demonic crawlers (Lair:5)
  Urug (Lair:1)
  A sun demon (Lair:5)
  3 skysharks
  An arcanist (Lair:5)
  Pikel (D:4)
  A lindwurm (Lair:5)
  A harpy (shapeshifter) (D:13)
  5 orc sorcerers
  5 cyclopes
  3 orc knights
  An oklob plant (Lair:5)
  A wolf spider (Lair:2)
  4 ugly things
  3 manticores
  3 kobold blastminers
  5 black mambas
  4 elephants (Lair:5)
  2 torpor snails
  A smoke demon (Lair:5)
  An orange demon (Lair:5)
  13 cane toads
  An unseen horror (D:11)
  4 gargoyles (D:10)
  Maggie (D:8)
  4 rime drakes
  6 komodo dragons
  A kobold demonologist (D:11)
  3 ice devils (Lair:5)
  2 red devils (Lair:5)
  2 trolls (D:11)
  Prince Ribbit (D:7)
  4 tyrant leeches (Lair:3)
  Grinder (D:6)
  A hornet (D:13)
  5 dream sheep (Lair:3)
  12 blink frogs
  7 slime creatures (D:13)
  47 yaks
  4 wyverns
  4 basilisks
  8 wraiths
  5 humans (D:13)
  2 wargs
  5 vampire mosquitoes
  4 swamp worms
  A naga (Lair:2)
  4 hell hounds (Lair:5)
  12 water moccasins
  2 ice beasts (D:6)
  Duvessa (D:4)
  28 orc warriors
  2 black bears (D:5)
  3 sky beasts
  6 ogres
  6 wolves
  8 centaurs
  4 lemures
  A phantom (D:5)
  Blork the orc (D:4)
  20 kobold brigands
  6 bullfrogs
  2 scorpions (D:4)
  Dowan (D:4)
  20 killer bees
  7 howler monkeys
  A lava snake (Lair:4)
  3 jellies
  30 orc priests
  4 hounds
  A sleepcap (D:8)
  Ijyb (D:4)
  36 orc wizards
  13 adders
  4 gnolls (D:4)
  A shadow imp (D:7)
  3 white imps (D:7)
  4 dart slugs
  67 orcs
  11 ball pythons
  7 endoplasms
  4 giant cockroaches
  3 goblins (D:1)
  6 hobgoblins
  42 kobolds
  2 quokkas
  6 bats
  7 frilled lizards
  10 rats
620 creatures vanquished.

Vanquished Creatures (others)
  An orc wizard (Orc:2)
1 creature vanquished.

Grand Total: 621 creatures vanquished

Notes
Turn   | Place    | Note
-------+----------+-------------------------------------------
     0 | D:1      | MacCMillion the Troll Shapeshifter began the quest for the
                  | Orb.
     0 | D:1      | Reached XP level 1. HP: 18/18 MP: 0/0
   159 | D:1      | Reached XP level 2. HP: 26/26 MP: 1/1
   169 | D:1      | Found Fafoskish's Antique Armour Emporium.
   187 | D:1      | Found Jolagill's Magic Scroll Boutique.
   567 | D:1      | Reached skill level 4 in Unarmed Combat
   665 | D:1      | Found Leox's Antique Armour Emporium.
   744 | D:1      | Found Lotiuqul's Magic Scroll Shoppe.
   785 | D:1      | Found Ylupei Onna's Weapon Emporium.
   846 | D:1      | Reached XP level 3. HP: 28/32 MP: 2/2
  2079 | D:3      | Reached XP level 4. HP: 39/40 MP: 3/3
  2157 | D:3      | Reached skill level 5 in Unarmed Combat
  2381 | D:4      | Noticed a lemure
  2382 | D:4      | Noticed a lemure
  2384 | D:4      | Noticed Pikel
  2393 | D:3      | Killed a lemure
  2400 | D:3      | Killed a lemure
  2516 | D:4      | Noticed a lemure
  2516 | D:4      | Noticed a lemure
  2530 | D:3      | Killed a lemure
  2760 | D:4      | Reached XP level 5. HP: 44/46 MP: 4/4
  2766 | D:4      | Found a runed translucent door.
  2766 | D:4      | Noticed mykhailok's ghost (novice TrSh)
  2918 | D:4      | Reached skill level 6 in Unarmed Combat
  3282 | D:4      | Found a staircase to the Ecumenical Temple.
  3301 | Temple   | Entered the Ecumenical Temple
  3332 | Temple   | Became a worshipper of Warmaster Okawaru
  3473 | D:4      | Noticed Blork the orc
  3478 | D:4      | Killed Blork the orc
  3479 | D:4      | Reached skill level 1 in Invocations
  3479 | D:4      | Reached XP level 6. HP: 39/54 MP: 5/5
  3634 | D:4      | Reached skill level 7 in Unarmed Combat
  3644 | D:4      | Noticed Ijyb
  3656 | D:4      | Killed Ijyb
  3694 | D:4      | Noticed Duvessa
  3725 | D:4      | Killed Duvessa
  3788 | D:4      | Reached XP level 7. HP: 61/61 MP: 7/7
  3833 | D:4      | Found Hanuor's Assorted Antiques.
  3838 | D:4      | Bought a glowing brown potion for 14 gold pieces
  3838 | D:4      | Bought a glowing brown potion for 14 gold pieces
  3838 | D:4      | Bought an amethyst potion for 14 gold pieces
  4099 | D:4      | Noticed Dowan
  4115 | D:4      | Killed Dowan
  4300 | D:5      | Entered Level 5 of the Dungeon
  4329 | D:5      | Reached * piety under Okawaru
  4352 | D:5      | Reached skill level 8 in Unarmed Combat
  4745 | D:5      | Got the Tome of Frigid Conduction
  4794 | D:5      | Found a glowing drain.
  4804 | Sewer    | Entered a sewer
  4928 | Sewer    | Reached ** piety under Okawaru
  4929 | Sewer    | Reached skill level 9 in Unarmed Combat
  4979 | Sewer    | Reached XP level 8. HP: 68/68 MP: 9/9
  5451 | D:6      | Reached skill level 10 in Unarmed Combat
  5671 | D:6      | Found a sparkling altar of Nemelex Xobeh.
  5909 | D:6      | Noticed Grinder
  5921 | D:6      | Killed Grinder
  6148 | D:6      | Reached skill level 11 in Unarmed Combat
  6148 | D:6      | Reached skill level 1 in Fighting
  6466 | D:6      | Found a stormy altar of Qazlal.
  6729 | D:7      | Reached *** piety under Okawaru
  6735 | D:7      | Reached XP level 9. HP: 59/83 MP: 10/10
  6760 | D:7      | Found a burning altar of Makhleb.
  6896 | D:7      | Noticed Prince Ribbit
  6903 | D:7      | Killed Prince Ribbit
  6968 | D:7      | Found a shimmering blue altar of Sif Muna.
  7077 | D:7      | Found a glowing golden altar of the Shining One.
  7464 | D:8      | Reached **** piety under Okawaru
  7593 | D:8      | Reached skill level 5 in Fighting
  7675 | D:8      | Reached skill level 5 in Invocations
  7737 | D:8      | Noticed Maggie
  7759 | D:8      | Killed Maggie
  7957 | D:8      | Found a shadowy altar of Dithmenos.
  8025 | D:8      | Reached XP level 10. HP: 100/100 MP: 12/12
  8080 | D:8      | Found an ancient bone altar of Kikubaaqudgha.
  8108 | D:8      | Found a runed translucent door.
  8109 | D:8      | Noticed elbjorno's ghost (novice SpAl)
  8111 | D:8      | Identified the +8 trident of the Hidden Vale {freeze,
                  | Will++ rCorr Str+4 Int-3}
  8297 | D:9      | Found Axauddoh's Jewellery Emporium.
  8297 | D:9      | Found Yttaenis's Armour Shoppe.
  8434 | D:9      | Found Piur's Jewellery Boutique.
  8556 | D:9      | Found Vogroub's Magic Scroll Shoppe.
  8559 | D:9      | Bought a scroll of identify for 30 gold pieces
  8559 | D:9      | Bought a scroll of identify for 30 gold pieces
  8574 | D:9      | Found Emedgh's Magic Scroll Shoppe.
  8580 | D:9      | Bought a scroll of identify for 34 gold pieces
  8580 | D:9      | Bought a scroll of identify for 34 gold pieces
  8580 | D:9      | Bought a scroll of identify for 34 gold pieces
  8648 | D:9      | Found a shimmering blue altar of Sif Muna.
  8656 | D:9      | Reached ***** piety under Okawaru
  8746 | D:9      | Found a staircase to the Orcish Mines.
  9264 | D:10     | Entered Level 10 of the Dungeon
  9270 | D:10     | Found a staircase to the Lair.
  9287 | D:10     | Noticed a two-headed ogre
  9294 | D:10     | Killed a two-headed ogre
  9484 | D:10     | Noticed a gargoyle
  9488 | D:10     | Killed a gargoyle
  9506 | D:10     | Noticed a gargoyle
  9510 | D:10     | Killed a gargoyle
  9544 | D:10     | Found an ornate altar of the Wu Jian Council.
  9971 | D:10     | Noticed a gargoyle
  9974 | D:10     | Killed a gargoyle
  9975 | D:10     | Reached skill level 10 in Fighting
  9984 | D:10     | Noticed a gargoyle
  9985 | D:10     | Killed a gargoyle
 10095 | D:11     | Noticed a smoke demon
 10099 | D:11     | Noticed an orange demon
 10100 | D:11     | Reached XP level 11. HP: 69/117 MP: 13/13
 10647 | D:11     | Noticed a cyan ugly thing
 10659 | D:11     | Killed a cyan ugly thing
 10864 | D:11     | Received a gift from Okawaru
 10922 | D:11     | Found a blossoming altar of Fedhas.
 11517 | D:11     | Found a blossoming altar of Fedhas.
 11830 | Lair:1   | Entered Level 1 of the Lair of Beasts
 11957 | Lair:1   | Identified a scroll of acquirement
 11969 | Lair:1   | Noticed Urug
 11978 | Lair:1   | Killed Urug
 12023 | Lair:1   | Reached skill level 5 in Shapeshifting
 12133 | Lair:1   | Reached skill level 12 in Unarmed Combat
 12140 | Lair:1   | Received a gift from Okawaru
 12686 | Lair:1   | Reached XP level 12. HP: 92/128 MP: 16/16
 13486 | Lair:2   | Found a staircase to the Snake Pit.
 13890 | Lair:2   | Identified the +4 dagger of Malum In Se {drain, Str+2}
 14419 | Lair:3   | Found the +2 Maxwell's thermic engine {flame, freeze, rev}
 14482 | Lair:3   | Received a gift from Okawaru
 14581 | Lair:3   | Reached ****** piety under Okawaru
 14604 | Lair:3   | Acquired a +3 quick blade of venom
 14604 | Lair:3   | Received a gift from Okawaru
 14608 | Lair:3   | Acquired the +0 cloak of Wenef Taho {rF+ rN+ Will+ rCorr}
 14608 | Lair:3   | Received a gift from Okawaru
 14660 | Lair:3   | Reached skill level 13 in Unarmed Combat
 15090 | Lair:3   | Noticed Gastronok
 15099 | Lair:3   | Killed Gastronok
 15099 | Lair:3   | Received a gift from Okawaru
 15221 | Lair:3   | Found a staircase to the Swamp.
 15374 | Lair:4   | Reached XP level 13. HP: 99/139 MP: 18/18
 15693 | Lair:4   | Found an iron altar of Okawaru.
 16499 | Lair:4   | Noticed Rupert
 16500 | Lair:4   | Paralysed by Rupert for 4 turns
 16520 | Lair:4   | Killed Rupert
 16521 | Lair:4   | Reached skill level 14 in Unarmed Combat
 17242 | Lair:5   | Entered Level 5 of the Lair of Beasts
 17242 | Lair:5   | Found a viscous altar of Jiyva.
 17242 | Lair:5   | Found a staircase to the Slime Pits.
 17579 | Lair:5   | Received a gift from Okawaru
 18300 | Lair:5   | Reached skill level 10 in Shapeshifting
 18496 | Lair:5   | Reached skill level 15 in Unarmed Combat
 18821 | Lair:5   | Received a gift from Okawaru
 18895 | Lair:5   | Reached XP level 14. HP: 132/149 MP: 16/19
 19564 | Lair:5   | Found a burning altar of Makhleb.
 19858 | Lair:5   | Found a gateway to Hell.
 19865 | Lair:5   | Identified the ring of Wiruw {AC+4 Slay+2}
 20416 | Orc:1    | Entered Level 1 of the Orcish Mines
 20432 | Orc:1    | Found a bloodstained altar of Trog.
 20768 | Orc:1    | Found Tolef's Distillery.
 20776 | Orc:1    | Bought a potion of haste for 140 gold pieces
 20936 | Orc:1    | Noticed Sonja
 20956 | Orc:1    | Sonja changed into Sonja the basilisk
 20956 | Orc:1    | Noticed Sonja
 20969 | Orc:1    | Killed Sonja the basilisk
 21053 | D:9      | Acquired the +0 mask of the Dragon {Will+ Slay+3 SInv}
 21053 | D:9      | Found the +0 mask of the Dragon {Will+ Slay+3 SInv}
 21067 | D:9      | Acquired the amulet of the Unkillable {Regen+ Slay+2}
 21194 | D:4      | Killed Pikel
 21328 | D:1      | Bought a scroll of blinking for 82 gold pieces
 21328 | D:1      | Bought a scroll of blinking for 82 gold pieces
 21328 | D:1      | Bought a scroll of acquirement for 572 gold pieces
 21328 | D:1      | Bought a scroll of acquirement for 572 gold pieces
 21328 | D:1      | Acquired 737 gold pieces
 21330 | D:1      | Acquired 1347 gold pieces
 21713 | Orc:2    | Entered Level 2 of the Orcish Mines
 21738 | Orc:2    | Noticed Saint Roka
 22117 | Orc:1    | Killed Saint Roka
 22117 | Orc:1    | Received a gift from Okawaru
 22627 | Orc:2    | Found Haedaf's Weapon Boutique.
 22631 | Orc:2    | Found Terig's Armour Shop.
 22631 | Orc:2    | Found Pumel's General Store.
 22656 | Orc:2    | Found Roigren's Book Boutique.
 22886 | Orc:2    | Found a staircase to the Elven Halls.
 23272 | D:12     | Identified the +3 spear of the Forgotten Ears {freeze,
                  | Str+7}
 24092 | D:13     | Received a gift from Okawaru
 24161 | D:13     | Noticed Josephine
 24169 | D:13     | Killed Josephine
 24253 | D:13     | Found a runed translucent door.
 24254 | D:13     | Noticed PigKeeper's ghost (journeyman SpAl)
 24283 | D:13     | Found a transporter.
 24286 | D:13     | Found a transporter.
 24288 | D:13     | Found a transporter.
 24766 | D:13     | Reached XP level 15. HP: 145/156 MP: 20/20
 24802 | D:13     | Reached skill level 1 in Armour
 24825 | D:13     | Found a transporter.
 25000 | D:13     | Killed PigKeeper's ghost
 25000 | D:13     | Received a gift from Okawaru
 25020 | D:14     | Noticed Lodul
 25020 | D:14     | Found a gate to the Vaults.
 25023 | D:14     | Paralysed by a hornet for 1 turns
 25033 | D:13     | HP: 6/156 [human (2)]
 25351 | D:13     | HP: 7/156 [freezing wraith[a death knight] (13)]
 25366 | D:13     | HP: 5/156 [freezing wraith[a death knight] (8)]
 25366 | D:13     | Slain by a freezing wraith

Illustrated notes

Levels and vault maps discovered:
D:1:      dpeg_arrival_long_road, layout_basic, serial_shops, shop,
          nicolae_lakefront_shop, shop,
          nicolae_shop_competitors_out_of_business, shop_coins
D:2:      layout_loops_ring, moated_statue, kennysheep_generic_room_4
D:3:      layout_loops_cross
D:4:      layout_layer_cave, minmay_temple_entry_arrows, serial_shops, shop,
          gammafunk_ghost_grave, uniq_duvessa, uniq_ijyb, uniq_pikel,
          uniq_blork_the_orc
D:5:      layout_loops_ring, cheibrodos_sewer_entry_sluice
D:6:      layout_cave_pods, nemelex_xobeh_ov_fountains_minmay,
          lemuel_coloured_pillars_altar, serial_rivers,
          chequers_serial_rivers_small_3, chequers_serial_rivers_micro_b,
          chequers_serial_rivers_micro_c, chequers_serial_rivers_small_b,
          uniq_grinder
D:7:      layout_cave_pools, tso_altar, kennysheep_mini, serial_park,
          serial_park_gazebo [serial_park_minivault_5x5_5], serial_park_tiny_1,
          serial_park_square1 [serial_park_minivault_5x5_1], serial_park_square3
          [serial_park_minivault_5x5_7], uniq_prince_ribbit1
D:8:      layout_cave_pods, overflow_temple_1_default,
          nicolae_dithmenos_through_a_glass_darkly, ebering_ghost_funeral_grove,
          kennysheep_generic_room_6, uniq_maggie
D:9:      layout_loops_ring, mainiacjoe_overflow_six_doors_small,
          minmay_orc_entry_temple_small, serial_shops, nicolae_diamond_shop,
          shop_fountains, nicolae_shop_behind_doors, shop, shop
D:10:     cheibrodos_statue_roulette, layout_basic,
          mainiacjoe_overflow_tiny_flanked, dpeg_oklobed_lair,
          chequers_serial_rivers_micro_c
D:11:     layout_roguey [special_room_kobold], grunt_decor_resistance,
          fedhas_ov_isle_minmay
D:12:     layout_loops_ring
D:13:     layout_irregular_city, gammafunk_ghost_grave, nicolae_diode_quadrants,
          uniq_josephine
D:14:     layout_long_grid, david_vaults_3, chequers_serial_rivers_large_a,
          st_stairs_7, hellmonk_guarded_unrand_rift
Temple:   eino_temple_water
Lair:1:   layout_cellular_growth, chequers_serial_rivers_micro_c,
          grunt_megastairs_2, uniq_urug
Lair:2:   minmay_lair_venomous_thicket, layout_cave_pods,
          guppyfry_snake_entry_garden, grunt_megastairs_1
Lair:3:   layout_loops_ring, minmay_swamp_entry_worms,
          chequers_serial_rivers_micro_b, minmay_holes, minivault_24,
          uniq_gastronok
Lair:4:   layout_gridlike, basic_altar, serial_bayou_pond_c, uniq_rupert
Lair:5:   evil_forest, layout_cellular_growth, minmay_slime_entry_oklob_open,
          worms_lemuel, grunt_megastairs_4
Orc:1:    layout_diamond_mine, basic_altar, serial_shops,
          nicolae_shop_advertising_works [nicolae_subvault_shop_adworks],
          nicolae_orc_crystal_geode, uniq_sonja
Orc:2:    st_orc_mages, layout_caves, uniq_saint_roka

Skill      XL: |  1  2  3  4  5  6  7  8  9 10 11 12 13 14 15 |
---------------+----------------------------------------------+-----
Unarmed Combat | 4 5 6 7 9 11 12 13 15 | 15.6
Invocations    | 1 2 3 5 7 8 |  8.0
Fighting       | 3 6 10 11 12 | 12.0
Shapeshifting  | 5 7 10 14 | 14.3
Armour         | 2 |  2.0
Dodging        | |  1.5

Action                     |  1- 3 |  4- 6 |  7- 9 | 10-12 | 13-15 || total
---------------------------+-------+-------+-------+-------+-------++-------
  Melee: Unarmed           |    87 |    89 |   249 |   516 |   623 ||  1564
         Punch             |       |     2 |    12 |    33 |    69 ||   116
  Throw: Dart              |       |       |       |     1 |       ||     1
         Large rock        |       |       |       |       |    28 ||    28
 Invoke: Heroism           |       |       |     1 |     7 |     7 ||    15
         Receive Weapon    |       |       |       |     1 |       ||     1
         Receive Armour    |       |       |       |     1 |       ||     1
         Finesse           |       |       |       |       |     5 ||     5
  Evoke: Wand              |       |       |     3 |     1 |     6 ||    10
         Phial of floods   |       |       |       |       |     1 ||     1
    Use: Scroll            |       |     2 |     1 |    20 |    12 ||    35
         Potion            |       |       |     1 |     1 |     1 ||     3
   Stab: Sleeping          |     1 |       |       |       |       ||     1
         Distracted        |       |       |       |     1 |       ||     1
 Armour: Animal skin       |    29 |       |       |       |       ||    29
         Swamp dragon scal |    19 |    54 |   166 |   361 |   672 ||  1272
         Skin              |       |       |    11 |       |       ||    11
  Dodge: Dodged            |    29 |    27 |   125 |   188 |   244 ||   613
   Form: Blade             |       |       |       |       |     1 ||     1
